 Dungeon Crawl Stone Soup version 0.30-a0-1082-g70414cbcbb (webtiles) character file.

Game seed: 4579541010874291661

1 NateTC the Trooper (level 1, 14/14 HPs) *EXPLORE*
             Began as a Gargoyle Fighter on Apr 15, 2023.
             Quit the game on level 1 of the Dungeon on Apr 16, 2023.
             The game lasted 00:04:33 (42 turns).

NateTC the Trooper (Gargoyle Fighter)                 Turns: 42, Time: 00:04:34

Health: 14/14      AC:  9    Str: 19    XL:     1   Next: 20%
Magic:  1/1        EV:  9    Int:  8    God:
Gold:   7          SH:  4    Dex:  9    Spells: 0/0 levels left

rFire   . . .      SeeInvis .    a - +0 flail
rCold   . . .      Faith    .    c - +0 buckler
rNeg    + . .      Spirit   .    b - +0 scale mail
rPois   ∞          Reflect  .    (no helmet)
rElec   +          Rampage  .    (no cloak)
rCorr   .                        (no gloves)
Will    .....                    (no boots) Stlth
                                 (no amulet)
HPRegen 0.22/turn                (no ring)
MPRegen 0.07/turn                (no ring)

@: no status effects
A: sickness immunity, AC +2, negative energy resistance 1, electricity
resistance, torment resistance 1, petrification resistance
a: no special abilities


You were on level 1 of the Dungeon.
You visited 1 branch of the dungeon, and saw 1 of its levels.

You collected 7 gold pieces.

Inventory:

Hand Weapons
 a - a +0 flail (weapon)
Armour
 b - a +0 scale mail (worn)
 c - a +0 buckler (worn)
Potions
 d - a potion of might


   Skills:
 + Level 3.3 Fighting
 + Level 2.0 Maces & Flails
 + Level 3.3 Armour
 + Level 3.3 Shields


You couldn't memorise any spells.
You didn't know any spells.
Your spell library was empty.

Dungeon Overview and Level Annotations

Branches:
Dungeon (1/15) Zot: 5956

Altars:


Innate Abilities, Weirdness & Mutations

You are immune to sickness and miasma.
Your stone body is resilient. (AC +2)
You are immune to poison.
You resist negative energy. (rN+)
You are resistant to electric shocks. (rElec)
You are resistant to unholy torment.
You are immune to petrification.


Message History

The bat barely misses you.
You closely miss the bat. The bat barely misses you.
The bat hits you but does no damage. The bat barely misses you.
WARNING: ABOUT TO ENTER EXPLORE MODE!
In explore mode, death is optional.
Once you set a character to explore mode, you can't switch back.
If you continue, your game will not be scored!
Do you really want to enter explore mode? (Confirm with "yes".)
Okay, then.
Unknown command.
WARNING: ABOUT TO ENTER EXPLORE MODE!
In explore mode, death is optional.
Once you set a character to explore mode, you can't switch back.
If you continue, your game will not be scored!
Do you really want to enter explore mode? (Confirm with "yes".)
You barely miss the bat. You block the bat's attack.
Okay, then.
Unknown command.
Unknown command.
Unknown command.
Unknown command.
There are no items here.
A bat is nearby!
A bat is nearby!
The bat hits you but does no damage.
A bat is nearby!
The bat hits you but does no damage. x2
The bat hits you but does no damage. The bat hits you but does no damage.
The bat attacks as you move away! The bat hits you but does no damage. x2
The bat barely misses you.
You sock the bat!
You kill the bat!
Welcome back, NateTC the Gargoyle Fighter.
Press ? for a list of commands and other information.
Welcome back, NateTC the Gargoyle Fighter.
Press ? for a list of commands and other information.
Unknown command.
Are you sure you want to abandon this character and quit the game? (Confirm with "yes".)

.## ..# #.. ...
#.# ##.. # ###
#.# ##... #.##..
#.. #....
#.....## #.####
#.<.# #..@##
#..... #....
.....##..##
#..#.# ##... .##
##..###.##.#
##.. ##..##..#.#
##..#
##..#.#..###...#
##...#..##...##
##..##.#...##
##.......##
#..##..##


There were no monsters in sight!

Vanquished Creatures
  A bat (D:1)
1 creature vanquished.

Notes
Turn   | Place    | Note
-------+----------+-------------------------------------------
     0 | D:1      | NateTC the Gargoyle Fighter began the quest for the Orb.
     0 | D:1      | Reached XP level 1. HP: 14/14 MP: 1/1
    24 | D:1      | Entered explore mode.
    42 | D:1      | Quit the game

Illustrated notes

Levels and vault maps discovered:
D:1:      dpeg_chamrin_arrival_tetris, layout_basic, nrook_loot_triangle,
          wad_floor_pattern_1, chequers_serial_rivers_marsh, hex_intersection

Action                     || total
---------------------------++-------
  Melee: Flail             ||     4
 Armour: Scale mail        ||     9
  Dodge: Dodged            ||     4
  Block: Buckler           ||     1

Table legend: (Time is in decaauts)
 A = Elapsed time spent in this place.
 B = Non-inter-level travel time spent in this place.
 C = Inter-level travel time spent in this place.
 D = Time resting spent in this place.
 E = Time spent auto-exploring this place.
 F = Levels seen in this place.
 G = Mean time per level.
                   A        B        C        D        E       F      G
               +--------+--------+--------+--------+--------+-----+--------+
         Total |     43 |     23 |     20 |      0 |      0 |   1 |   43.0 |
       Dungeon |     43 |     23 |     20 |      0 |      0 |   1 |   43.0 |
               +--------+--------+--------+--------+--------+-----+--------+

Top non-repeatable levels by time:
     D:1: 43 daAuts
